AoeStats
← Jobington

Arena

510566216Analyzed
1v1 RM · 1d ago on Oct 1, 2026· 47m 4s· 2 players
Game mode
Random Map
Map size
Tiny (2 player)
Population
200
Speed
Normal
Resources
Standard
Victory
Conquest
Starting age
Dark Age
Ending age
Imperial Age
RankedLock teamsTeams togetherTeam positionsShared explorationLock speedFull tech treeHidden civsTurbo modeCheats
Victory
Defeat
🇬🇧 Bengalis · United Kingdom
1055
+17
🇦🇷 Byzantines · Argentina
1087
-17
Jobington
10:43 Feudal Age
9:59 Loom
15:02 Castle Age
13:12 Horse Collar
14:12 Double-Bit Axe
23:11 Fletching
23:21 Padded Archer Armor
25:22 Leather Archer Armor
25:52 Ballistics
31:28 Imperial Age
29:12 Heavy Plow
29:31 Bodkin Arrow
30:57 Wheelbarrow
30:29 Gold Mining
30:50 Bow Saw
33:21 Chemistry
32:35 Bracer
33:20 Elite Elephant Archer
35:13 Gold Shaft Mining
36:41 Ring Archer Armor
39:15 Conscription
39:01 Paiks
39:16 Stone Mining
39:58 Forging
39:53 Scale Barding Armor
39:12 Light Cavalry
40:04 Bloodlines
39:54 Husbandry
41:41 Crop Rotation
42:22 Elite Battle Elephant
44:32 Hand Cart
45:12 Iron Casting
44:58 Chain Barding Armor
Ron Damon
10:46 Feudal Age
14:42 Castle Age
13:05 Double-Bit Axe
15:23 Horse Collar
20:17 Loom
22:42 Gold Mining
22:43 Stone Mining
23:11 Heavy Plow
24:58 Wheelbarrow
24:46 Stone Mining
29:14 Imperial Age
26:55 Scale Mail Armor
27:05 Forging
27:00 Squires
27:33 Bow Saw
28:02 Gold Shaft Mining
28:02 Stone Shaft Mining
27:53 Ballistics
27:37 Padded Archer Armor
28:06 Fletching
28:22 Pikeman
29:37 Hand Cart
29:51 Leather Archer Armor
29:32 Bodkin Arrow
31:10 Chemistry
31:08 Crop Rotation
31:11 Scale Barding Armor
31:37 Ring Archer Armor
30:50 Halberdier
31:30 Elite Skirmisher
38:09 Iron Casting
37:50 Chain Mail Armor
37:35 Bracer
41:41 Plate Mail Armor
43:11 Onager
46:01 Man-at-Arms
Connection lost

Rejoining the realm…

Still unreachable

The connection could not be restored.

Session expired

The server has moved on; the page needs a fresh start.